Demolitions vs Ice Dragons
(R1)
Created - March 5, 2019 at 22:04
Goals
|
Demolitions |
2 |
1 |
2 |
5 |
Ice Dragons |
0 |
1 |
1 |
2 |
|
Shots
|
Demolitions |
21 |
5 |
8 |
34 |
Ice Dragons |
11 |
12 |
4 |
27 |
|
1st period
1. Demolitions , Phil McRae 11 (Corban Knight 40, Lane MacDermid 20) at 7:59
2. Demolitions , Andrej Nestrasil 11 (Brandon McMillan 18) at 19:40
Penalties :
Derek Forbort (Vic) for Hooking (Minor) at 10:00
2nd period
3. Demolitions , Spencer Machacek 38 (Michael Latta 51) at 4:09 (PP)
4. Ice Dragons , Brandon Kozun 20 (David Rundblad 29, Logan MacMillan 16) at 16:30
Penalties :
Matt Corrente (Kin) for Hooking (Minor) at 4:03, Dmitri Orlov (Kin) for Tripping (Minor) at 9:44
3rd period
5. Demolitions , Robert Bortuzzo 1 (Dennis Everberg 19, Connor Hellebyuk) at 3:37
6. Demolitions , Billy Sweat 10 (Lane MacDermid 21, Robert Bortuzzo 5) at 8:03
7. Ice Dragons , Justin Shugg 2 (Sam Carrick 11, Michael Ferland 9) at 8:59
Penalties :
Alec Martinez (Kin) for Fighting (Major) at 9:47, Spencer Machacek (Vic) for Fighting (Major) at 9:47, Alec Martinez (Kin) for instigated a fight (Minor) at 9:47, Alec Martinez (Kin) for instigated a fight (10 Minutes Misconduct) at 9:47, Alex Hutchings (Vic) for High sticking (Minor) at 9:50, Sam Carrick (Kin) for Roughing (Minor) at 14:41, Derek Forbort (Vic) for Tripping (Minor) at 18:54
Goalie Stats
Connor Hellebyuk (Vic), 25 saves from 27 shots - (0.926), W, 16-12-3, 60:00 minutes
Harru Sateri (Kin), 29 saves from 34 shots - (0.853), L, 11-12-4, 60:00 minutes
Players Stats for Demolitions
Player Name G A P +/- PIM S H SB GA TA FO MP PP MP PK MP
------------------------------------------------------------------------------------
Aaron Palushaj 0 0 0 0 0 1 1 0 0 0 0/0 10:03 0:00 0:00
Alex Hutchings 0 0 0 0 2 0 0 0 0 0 0/0 2:24 0:35 0:20
Andrej Nestrasil 1 0 1 1 0 2 0 1 0 0 2/4 8:21 0:00 0:00
Billy Sweat 1 0 1 0 0 2 2 0 1 0 0/0 10:03 0:00 0:00
Brandon McMillan 0 1 1 1 0 2 0 1 1 0 0/0 8:21 0:00 0:00
Cameron Schilling 0 0 0 -2 0 1 3 5 0 3 0/0 28:17 2:11 1:42
Colton Sceviour 0 0 0 0 0 0 1 0 0 0 0/0 1:48 0:00 0:51
Corban Knight 0 1 1 0 0 6 2 1 1 0 4/8 17:29 1:40 0:55
Dennis Everberg 0 1 1 0 0 3 1 0 0 0 1/2 16:01 1:40 0:00
Derek Forbort 0 0 0 1 4 0 0 2 0 0 0/0 11:40 0:18 0:00
Erik Cole 0 0 0 1 0 1 5 2 0 0 4/7 22:44 2:17 1:33
JC Lipon 0 0 0 0 0 0 0 0 0 0 0/0 0:20 0:10 0:00
Joel Vermin 0 0 0 1 0 0 0 1 0 0 0/0 8:21 0:00 0:00
Jonathan Blum 0 0 0 -2 0 2 2 4 0 1 0/0 29:22 2:59 2:10
Lane MacDermid 0 2 2 0 0 1 1 0 1 1 0/1 16:40 1:40 0:03
Michael Latta 0 1 1 1 0 2 5 1 0 1 16/35 20:43 2:17 0:52
Nick Pryor 0 0 0 0 0 0 0 0 0 0 0/0 0:33 0:00 0:33
Nick Shore 0 0 0 0 0 0 0 0 0 0 0/0 1:25 0:10 0:00
Phil McRae 1 0 1 0 0 1 1 0 1 0 3/4 10:03 0:00 0:00
Robert Bortuzzo 1 1 2 3 0 2 0 1 0 1 0/0 15:36 0:00 0:00
Ryan Olsen 0 0 0 0 0 0 0 0 0 0 0/0 0:00 0:00 0:00
Seth Helgeson 0 0 0 3 0 2 2 0 1 2 0/0 20:22 1:56 1:25
Spencer Machacek 1 0 1 1 5 6 0 1 0 0 1/2 20:06 1:51 1:40
Taylor Aronson 0 0 0 1 0 0 1 3 0 1 0/0 14:11 0:50 0:24
Players Stats for Ice Dragons
Player Name G A P +/- PIM S H SB GA TA FO MP PP MP PK MP
------------------------------------------------------------------------------------
Alec Martinez 0 0 0 0 17 4 3 2 1 0 0/0 23:16 1:17 1:06
Alex Plante 0 0 0 0 0 1 0 0 0 0 0/0 4:52 0:00 0:28
Brandon Kozun 1 0 1 -1 0 3 2 0 0 0 0/0 21:36 1:41 0:54
Brian Boyle 0 0 0 -1 0 2 2 0 1 1 14/30 22:39 1:41 2:16
Chris Wagner 0 0 0 0 0 0 0 0 0 0 1/1 14:59 1:25 0:00
David Rundblad 0 1 1 0 0 1 0 3 2 1 0/0 18:42 1:01 1:33
Dmitri Orlov 0 0 0 -2 2 1 0 0 0 0 0/0 15:41 0:49 0:00
Emil Pettersson 0 0 0 0 0 0 1 0 0 0 1/2 7:33 0:00 1:01
Justin Shugg 1 0 1 -1 0 1 1 0 0 0 0/0 12:30 0:00 0:00
Kevin Connauton 0 0 0 0 0 2 2 1 2 1 0/0 18:42 1:01 1:33
Logan MacMillan 0 1 1 -1 0 2 2 0 0 1 1/2 23:02 1:41 2:21
Matt Corrente 0 0 0 0 2 5 1 2 1 1 0/0 25:56 2:06 2:34
Michael Chaput 0 0 0 0 0 1 0 1 3 0 10/17 17:37 1:26 1:05
Michael Ferland 0 1 1 -1 0 1 0 0 0 1 0/1 14:43 0:01 0:44
Sam Carrick 0 1 1 -1 2 0 1 2 0 0 5/9 14:13 0:01 0:00
Samuel Groulx 0 0 0 -2 0 0 0 1 0 0 0/0 13:01 0:00 1:00
Thomas Gobeil 0 0 0 0 0 0 1 0 0 0 0/0 5:58 0:00 0:00
William Carrier 0 0 0 0 0 3 3 0 0 0 0/1 19:00 1:25 0:00
3 Stars
1 - Robert Bortuzzo (Vic)
2 - Michael Latta (Vic)
3 - Andrej Nestrasil (Vic)
Power Play
Demolitions - 1 on 4 Attempt(s) - 25.00%
Ice Dragons - 0 on 3 Attempt(s) - 0.00%
Penalty Kill
Demolitions - 3 on 3 Attempt(s) - 100.00%
- Score 0 goal in Penalty Kill
Ice Dragons - 3 on 4 Attempt(s) - 75.00%
- Score 0 goal in Penalty Kill
Team Stat
Demolitions - Hits : 27 - Faceoff Wins : 31 - Blocked Shots : 23 - Penalty Minutes : 11
Ice Dragons - Hits : 19 - Faceoff Wins : 32 - Blocked Shots : 12 - Penalty Minutes : 23
Official
Referees : Unknown
Linesman : Unknown
Game Notes
Alec Martinez beats up Spencer Machacek at 9:47 of 3rd period
Finance
Level 1 -- Attendance: 1474 (73.70%) -- Ticket Income $58,960
Level 2 -- Attendance: 660 (66.00%) -- Ticket Income $13,200
Total Attendance: 2134 (71.13%)
Total Ticket Income: $72,160
Other Income: $3,608
Total Income: $75,768
Demolitions
5 vs 5 Forward
Center Left Wing Right Wing Time % Phy DF OF
1 Michael Latta Erik Cole Spencer Machacek 60 1 2 2
2 Corban Knight Lane MacDermid Dennis Everberg 25 1 2 2
3 Phil McRae Billy Sweat Aaron Palushaj 10 1 2 2
4 Andrej Nestrasil Brandon McMillan Joel Vermin 5 1 2 2
5 vs 5 Defense
Defense Defense Time % Phy DF OF
1 Jonathan Blum Cameron Schilling 60 1 2 2
2 Seth Helgeson Robert Bortuzzo 25 1 2 2
3 Taylor Aronson Derek Forbort 10 1 2 2
4 Cameron Schilling Jonathan Blum 5 1 2 2
PowerPlay Forward
Center Left Wing Right Wing Time % Phy DF OF
1 Michael Latta Erik Cole Spencer Machacek 60 0 0 5
2 Corban Knight Lane MacDermid Dennis Everberg 40 0 0 5
PowerPlay Defense
Defense Defense Time % Phy DF OF
1 Jonathan Blum Cameron Schilling 60 0 0 5
2 Seth Helgeson Jonathan Blum 40 0 0 5
Penalty Kill 4 Players Forward
Center Wing Time % Phy DF OF
1 Erik Cole Spencer Machacek 60 1 2 2
2 Michael Latta Corban Knight 40 1 2 2
Penalty Kill 4 Players Defense
Defense Defense Time % Phy DF OF
1 Jonathan Blum Cameron Schilling 60 1 2 2
2 Seth Helgeson Jonathan Blum 40 1 2 2
Penalty Kill - 3 Players Forward
Forward Time % Phy DF OF
1 Erik Cole 60 1 2 2
2 Spencer Machacek 40 1 2 2
Penalty Kill - 3 Players Defense
Defense Defense Time % Phy DF OF
1 Jonathan Blum Cameron Schilling 60 1 2 2
2 Seth Helgeson Jonathan Blum 40 1 2 2
4 vs 4 Forward
Center Wing Time % Phy DF OF
1 Erik Cole Spencer Machacek 60 1 2 2
2 Michael Latta Dennis Everberg 40 1 2 2
4 vs 4 Defense
Defense Defense Time % Phy DF OF
1 Jonathan Blum Cameron Schilling 60 1 2 2
2 Seth Helgeson Jonathan Blum 40 1 2 2
Last Minutes Offensive
Center Left Wing Right Wing Defense Defense
Michael Latta Erik Cole Dennis Everberg Jonathan Blum Cameron Schilling
Last Minutes Defensive
Center Left Wing Right Wing Defense Defense
Michael Latta Erik Cole Spencer Machacek Jonathan Blum Cameron Schilling
Goaltenders
Starting : Connor Hellebyuk
Backup : Karri Ramo
Extra Forwards
Normal : Alex Hutchings, Nick Shore, Colton Sceviour - PP : Alex Hutchings, Nick Shore - PK : Colton Sceviour
Extra Defensemen
Normal : Taylor Aronson, Derek Forbort, Nick Pryor - PP : Taylor Aronson - PK : Derek Forbort, Nick Pryor
Penalty Shots
Erik Cole, Spencer Machacek, Michael Latta, Corban Knight, Lane MacDermid
Scratches
Thomas DiPauli (Healthy), Taylor Leier (Healthy), Jake Paterson (Healthy)
Ice Dragons
5 vs 5 Forward
Center Left Wing Right Wing Time % Phy DF OF
1 Brian Boyle Logan MacMillan Brandon Kozun 40 1 1 3
2 Michael Chaput William Carrier Chris Wagner 30 1 2 2
3 Sam Carrick Michael Ferland Justin Shugg 20 1 2 2
4 Emil Pettersson William Carrier Thomas Gobeil 10 1 3 1
5 vs 5 Defense
Defense Defense Time % Phy DF OF
1 Alec Martinez Matt Corrente 40 1 2 2
2 David Rundblad Kevin Connauton 30 1 2 2
3 Dmitri Orlov Samuel Groulx 20 1 2 2
4 Alex Plante Alec Martinez 10 1 3 1
PowerPlay Forward
Center Left Wing Right Wing Time % Phy DF OF
1 Brian Boyle Logan MacMillan Brandon Kozun 60 1 1 3
2 Michael Chaput William Carrier Chris Wagner 40 1 1 3
PowerPlay Defense
Defense Defense Time % Phy DF OF
1 Alec Martinez Matt Corrente 60 1 2 2
2 David Rundblad Kevin Connauton 40 1 2 2
Penalty Kill 4 Players Forward
Center Wing Time % Phy DF OF
1 Brian Boyle Logan MacMillan 60 1 4 0
2 Brandon Kozun Michael Chaput 40 1 4 0
Penalty Kill 4 Players Defense
Defense Defense Time % Phy DF OF
1 Alec Martinez Matt Corrente 60 1 4 0
2 David Rundblad Kevin Connauton 40 1 4 0
Penalty Kill - 3 Players Forward
Forward Time % Phy DF OF
1 Logan MacMillan 60 1 4 0
2 Michael Chaput 40 1 4 0
Penalty Kill - 3 Players Defense
Defense Defense Time % Phy DF OF
1 Alec Martinez Matt Corrente 60 1 4 0
2 David Rundblad Kevin Connauton 40 1 4 0
4 vs 4 Forward
Center Wing Time % Phy DF OF
1 Sam Carrick Michael Chaput 60 1 2 2
2 Brandon Kozun Logan MacMillan 40 1 2 2
4 vs 4 Defense
Defense Defense Time % Phy DF OF
1 Alec Martinez Matt Corrente 60 1 2 2
2 David Rundblad Kevin Connauton 40 1 2 2
Last Minutes Offensive
Center Left Wing Right Wing Defense Defense
Brian Boyle Logan MacMillan Brandon Kozun Alec Martinez Matt Corrente
Last Minutes Defensive
Center Left Wing Right Wing Defense Defense
Brian Boyle Logan MacMillan Brandon Kozun Alec Martinez Matt Corrente
Goaltenders
Starting : Harru Sateri
Backup : Oscar Dansk
Extra Forwards
Normal : Sam Carrick, Michael Ferland, Emil Pettersson - PP : Sam Carrick, Michael Ferland - PK : Emil Pettersson
Extra Defensemen
Normal : Dmitri Orlov, Samuel Groulx, Alex Plante - PP : Dmitri Orlov - PK : Samuel Groulx, Alex Plante
Penalty Shots
Alec Martinez, Michael Chaput, Brandon Kozun, Logan MacMillan, Sam Carrick
Scratches
Theodor Blueger (Healthy), Brayden McNabb (Healthy), Alex Henriksson (Healthy), Cole Ully (Healthy), Christian Djoos (Healthy)
Michael Stone (Healthy), Anders Nilsson (Healthy)
% Time on Ice - Demolitions
Lines # - Real PCT - Wanted PCT - Time Play
Normal Forward
1 - 36% - 60% - 18:05
2 - 28% - 25% - 14:21
3 - 20% - 10% - 10:03
4 - 16% - 5% - 8:21
Normal Defense
1 - 46% - 60% - 23:28
2 - 32% - 25% - 16:13
3 - 22% - 10% - 11:09
4 - 0% - 5% - 0:00
PP Forward
1 - 60% - 60% - 2:27
2 - 40% - 40% - 1:40
PP Defense
1 - 53% - 60% - 2:11
2 - 47% - 40% - 1:56
PK Forward
1 - 72% - 60% - 2:15
2 - 28% - 40% - 0:52
PK Defense
1 - 55% - 60% - 1:42
2 - 45% - 40% - 1:25
PK3 Forward
1 - 0% - 60%
2 - 0% - 40%
PK3 Defense
1 - 0% - 60%
2 - 0% - 40%
44 Forward
1 - 100% - 60% - 1:56
2 - 0% - 40% - 0:00
44 Defense
1 - 59% - 60% - 1:08
2 - 41% - 40% - 0:48
Last Minute Offensive - 0:00
Last Minute Defensive - 0:00
Total
Forward - 60:00
Defense - 60:00
|
% Time on Ice - Ice Dragons
Lines # - Real PCT - Wanted PCT - Time Play
Normal Forward
1 - 37% - 40% - 18:43
2 - 27% - 30% - 13:47
3 - 25% - 20% - 12:30
4 - 11% - 10% - 5:50
Normal Defense
1 - 39% - 40% - 19:50
2 - 31% - 30% - 15:39
3 - 22% - 20% - 11:11
4 - 8% - 10% - 4:10
PP Forward
1 - 55% - 60% - 1:42
2 - 45% - 40% - 1:25
PP Defense
1 - 67% - 60% - 2:06
2 - 33% - 40% - 1:01
PK Forward
1 - 78% - 60% - 3:13
2 - 22% - 40% - 0:54
PK Defense
1 - 62% - 60% - 2:34
2 - 38% - 40% - 1:33
PK3 Forward
1 - 0% - 60%
2 - 0% - 40%
PK3 Defense
1 - 0% - 60%
2 - 0% - 40%
44 Forward
1 - 89% - 60% - 1:43
2 - 11% - 40% - 0:13
44 Defense
1 - 75% - 60% - 1:27
2 - 25% - 40% - 0:29
Last Minute Offensive - 0:00
Last Minute Defensive - 0:00
Total
Forward - 60:00
Defense - 60:00
|
Play-by-Play
1st period
0:01 of 1st period - Brian Boyle wins face-off versus Michael Latta in neutral zone.
0:16 of 1st period - Wrist shot by Brian Boyle.
0:16 of 1st period - Shot Misses the Net.
0:31 of 1st period - Icing by Dennis Everberg.
0:32 of 1st period - Michael Chaput wins face-off versus Dennis Everberg in Demolitions zone.
0:39 of 1st period - David Rundblad is hit by Cameron Schilling and loses puck.
0:56 of 1st period - Corban Knight is hit by Kevin Connauton and loses puck.
1:43 of 1st period - Slapshot by David Rundblad.
1:43 of 1st period - Shot Blocked by Corban Knight.
1:45 of 1st period - Slapshot by David Rundblad.
1:45 of 1st period - Stopped by Connor Hellebyuk with a rebound.
1:47 of 1st period - Slapshot by Kevin Connauton.
1:47 of 1st period - Stopped by Connor Hellebyuk without a rebound.
1:48 of 1st period - Sam Carrick wins face-off versus Erik Cole in Demolitions zone.
2:05 of 1st period - Samuel Groulx is hit by Michael Latta and loses puck.
2:26 of 1st period - Slapshot by Brian Boyle.
2:26 of 1st period - Stopped by Connor Hellebyuk with a rebound.
2:28 of 1st period - Slapshot by Brian Boyle.
2:28 of 1st period - Shot Misses the Net.
2:42 of 1st period - Michael Latta is hit by Thomas Gobeil and loses puck.
3:17 of 1st period - Snap shot by Brandon McMillan.
3:17 of 1st period - Shot Blocked by Samuel Groulx.
4:01 of 1st period - Dennis Everberg is hit by Brian Boyle.
4:42 of 1st period - Icing by Robert Bortuzzo.
4:43 of 1st period - Andrej Nestrasil wins face-off versus Emil Pettersson in Demolitions zone.
5:00 of 1st period - Michael Ferland is hit by Corban Knight and loses puck.
5:05 of 1st period - Wrist shot by Corban Knight.
5:05 of 1st period - Stopped by Harru Sateri with a rebound.
5:07 of 1st period - Slapshot by Seth Helgeson.
5:07 of 1st period - Stopped by Harru Sateri without a rebound.
5:08 of 1st period - Brian Boyle wins face-off versus Michael Latta in Ice Dragons zone.
5:27 of 1st period - Icing by Seth Helgeson.
5:28 of 1st period - Michael Latta wins face-off versus Sam Carrick in Demolitions zone.
5:28 of 1st period - Michael Latta is hit by Alec Martinez.
5:38 of 1st period - Snap shot by Erik Cole.
5:38 of 1st period - Stopped by Harru Sateri without a rebound.
5:39 of 1st period - Brian Boyle wins face-off versus Spencer Machacek in Ice Dragons zone.
7:09 of 1st period - Slapshot by Michael Chaput.
7:09 of 1st period - Shot Misses the Net.
7:15 of 1st period - Alec Martinez is hit by Seth Helgeson and loses puck.
7:57 of 1st period - Snap shot by Corban Knight.
7:57 of 1st period - Shot Misses the Net.
7:59 of 1st period - Wrist shot by Phil McRae.
7:59 of 1st period - Goal by Phil McRae - Demolitions : 1 - Ice Dragons : 0.
8:00 of 1st period - Michael Latta wins face-off versus Brian Boyle in neutral zone.
8:03 of 1st period - Snap shot by Michael Latta.
8:03 of 1st period - Shot Misses the Net.
8:29 of 1st period - Off-side.
8:30 of 1st period - Michael Chaput wins face-off versus Michael Latta in neutral zone.
8:39 of 1st period - Slapshot by Dmitri Orlov.
8:39 of 1st period - Shot Misses the Net.
8:41 of 1st period - Slapshot by Samuel Groulx.
8:41 of 1st period - Shot Misses the Net.
8:55 of 1st period - Slapshot by William Carrier.
8:55 of 1st period - Stopped by Connor Hellebyuk with a rebound.
9:07 of 1st period - Jonathan Blum is hit by Brandon Kozun and loses puck.
9:22 of 1st period - Slapshot by Jonathan Blum.
9:22 of 1st period - Stopped by Harru Sateri without a rebound.
9:23 of 1st period - Phil McRae wins face-off versus Michael Chaput in Ice Dragons zone.
9:24 of 1st period - Wrist shot by Billy Sweat.
9:24 of 1st period - Stopped by Harru Sateri with a rebound.
9:30 of 1st period - Wrist shot by Billy Sweat.
9:30 of 1st period - Shot Blocked by David Rundblad.
9:40 of 1st period - Wrist shot by Billy Sweat.
9:40 of 1st period - Shot Blocked by David Rundblad.
9:58 of 1st period - Snap shot by Brandon Kozun.
9:58 of 1st period - Stopped by Connor Hellebyuk with a rebound.
10:00 of 1st period - Minor Penalty to Derek Forbort for Hooking.
10:01 of 1st period - Brian Boyle wins face-off versus Erik Cole in Demolitions zone.
10:12 of 1st period - Backhand shot by Brandon Kozun.
10:12 of 1st period - Shot Misses the Net.
10:14 of 1st period - Slapshot by Alec Martinez.
10:14 of 1st period - Shot Blocked by Cameron Schilling.
11:20 of 1st period - Brian Boyle is hit by Colton Sceviour and loses puck.
12:00 of 1st period - Penalty to Derek Forbort is over, Derek Forbort is back on ice.
12:18 of 1st period - Snap shot by Brandon McMillan.
12:18 of 1st period - Stopped by Harru Sateri with a rebound.
12:41 of 1st period - Samuel Groulx is hit by Billy Sweat and loses puck.
13:01 of 1st period - Wrist shot by Corban Knight.
13:01 of 1st period - Stopped by Harru Sateri with a rebound.
13:41 of 1st period - William Carrier is hit by Erik Cole and loses puck.
13:58 of 1st period - Samuel Groulx is hit by Phil McRae.
14:17 of 1st period - Icing by Cameron Schilling.
14:18 of 1st period - Michael Chaput wins face-off versus Andrej Nestrasil in Demolitions zone.
14:53 of 1st period - Wrist shot by Spencer Machacek.
14:53 of 1st period - Stopped by Harru Sateri without a rebound.
14:54 of 1st period - Brian Boyle wins face-off versus Michael Latta in Ice Dragons zone.
14:54 of 1st period - Brian Boyle is hit by Michael Latta.
15:04 of 1st period - Wrist shot by Brandon Kozun.
15:04 of 1st period - Stopped by Connor Hellebyuk with a rebound.
15:18 of 1st period - Off-side.
15:19 of 1st period - Corban Knight wins face-off versus Sam Carrick in neutral zone.
15:22 of 1st period - Slapshot by Cameron Schilling.
15:22 of 1st period - Shot Blocked by Sam Carrick.
15:24 of 1st period - Snap shot by Corban Knight.
15:24 of 1st period - Stopped by Harru Sateri without a rebound.
15:25 of 1st period - Corban Knight wins face-off versus Sam Carrick in Ice Dragons zone.
15:26 of 1st period - Snap shot by Lane MacDermid.
15:26 of 1st period - Deflect By Dennis Everberg.
15:26 of 1st period - Stopped by Harru Sateri with a rebound.
15:28 of 1st period - Slapshot by Cameron Schilling.
15:28 of 1st period - Shot Blocked by Matt Corrente.
15:30 of 1st period - Slapshot by Cameron Schilling.
15:30 of 1st period - Shot Blocked by Matt Corrente.
15:50 of 1st period - Slapshot by Jonathan Blum.
15:50 of 1st period - Deflect By Corban Knight.
15:50 of 1st period - Stopped by Harru Sateri with a rebound.
15:52 of 1st period - Snap shot by Corban Knight.
15:52 of 1st period - Stopped by Harru Sateri with a rebound.
16:00 of 1st period - Wrist shot by Lane MacDermid.
16:00 of 1st period - Stopped by Harru Sateri with a rebound.
16:04 of 1st period - Snap shot by Corban Knight.
16:04 of 1st period - Shot Misses the Net.
16:06 of 1st period - Slapshot by Jonathan Blum.
16:06 of 1st period - Shot Hit the Post.
16:08 of 1st period - Snap shot by Dennis Everberg.
16:08 of 1st period - Stopped by Harru Sateri with a rebound.
16:10 of 1st period - Slapshot by Lane MacDermid.
16:10 of 1st period - Shot Blocked by Sam Carrick.
16:12 of 1st period - Slapshot by Cameron Schilling.
16:12 of 1st period - Stopped by Harru Sateri without a rebound.
16:13 of 1st period - Michael Latta wins face-off versus Brian Boyle in Ice Dragons zone.
16:18 of 1st period - Wrist shot by Michael Latta.
16:18 of 1st period - Stopped by Harru Sateri with a rebound.
16:20 of 1st period - Slapshot by Seth Helgeson.
16:20 of 1st period - Stopped by Harru Sateri with a rebound.
17:09 of 1st period - Icing by Robert Bortuzzo.
17:10 of 1st period - Andrej Nestrasil wins face-off versus Brian Boyle in Demolitions zone.
17:10 of 1st period - Brandon McMillan is hit by Matt Corrente and loses puck.
17:31 of 1st period - Backhand shot by Andrej Nestrasil.
17:31 of 1st period - Stopped by Harru Sateri without a rebound.
17:32 of 1st period - Michael Latta wins face-off versus Michael Chaput in Ice Dragons zone.
17:33 of 1st period - Snap shot by Spencer Machacek.
17:33 of 1st period - Stopped by Harru Sateri with a rebound.
17:39 of 1st period - Snap shot by Erik Cole.
17:39 of 1st period - Shot Blocked by Alec Martinez.
17:47 of 1st period - Slapshot by Spencer Machacek.
17:47 of 1st period - Shot Blocked by Alec Martinez.
18:24 of 1st period - Icing by Derek Forbort.
18:25 of 1st period - Sam Carrick wins face-off versus Andrej Nestrasil in Demolitions zone.
18:36 of 1st period - Slapshot by Kevin Connauton.
18:36 of 1st period - Stopped by Connor Hellebyuk with a rebound.
18:38 of 1st period - Wrist shot by Michael Ferland.
18:38 of 1st period - Shot Blocked by Derek Forbort.
18:40 of 1st period - Slapshot by David Rundblad.
18:40 of 1st period - Shot Misses the Net.
18:42 of 1st period - Snap shot by Michael Ferland.
18:42 of 1st period - Stopped by Connor Hellebyuk with a rebound.
18:44 of 1st period - Wrist shot by Michael Ferland.
18:44 of 1st period - Shot Blocked by Joel Vermin.
19:02 of 1st period - Slapshot by Dmitri Orlov.
19:02 of 1st period - Shot Misses the Net.
19:40 of 1st period - Snap shot by Andrej Nestrasil.
19:40 of 1st period - Goal by Andrej Nestrasil - Demolitions : 2 - Ice Dragons : 0.
19:41 of 1st period - Michael Latta wins face-off versus Logan MacMillan in neutral zone.
19:49 of 1st period - Slapshot by Alec Martinez.
19:49 of 1st period - Stopped by Connor Hellebyuk with a rebound.
19:51 of 1st period - Snap shot by Matt Corrente.
19:51 of 1st period - Shot Blocked by Jonathan Blum.
19:53 of 1st period - Slapshot by Matt Corrente.
19:53 of 1st period - Stopped by Connor Hellebyuk with a rebound.
19:55 of 1st period - Slapshot by Matt Corrente.
19:55 of 1st period - Stopped by Connor Hellebyuk without a rebound.
19:56 of 1st period - Michael Chaput wins face-off versus Michael Latta in Demolitions zone.
Goals for this period are 2 for Demolitions vs 0 for Ice Dragons.
Shots for this period are 21 for Demolitions vs 11 for Ice Dragons.
2nd period
0:01 of 2nd period - Brian Boyle wins face-off versus Michael Latta in neutral zone.
0:08 of 2nd period - Slapshot by Matt Corrente.
0:08 of 2nd period - Deflect By Jonathan Blum.
0:08 of 2nd period - Stopped by Connor Hellebyuk with a rebound.
0:10 of 2nd period - Slapshot by Alec Martinez.
0:10 of 2nd period - Deflect By Spencer Machacek.
0:10 of 2nd period - Stopped by Connor Hellebyuk with a rebound.
0:26 of 2nd period - Matt Corrente is hit by Lane MacDermid and loses puck.
1:04 of 2nd period - Icing by Aaron Palushaj.
1:05 of 2nd period - Phil McRae wins face-off versus Brian Boyle in Demolitions zone.
1:36 of 2nd period - Wrist shot by Dennis Everberg.
1:36 of 2nd period - Stopped by Harru Sateri without a rebound.
1:37 of 2nd period - Michael Latta wins face-off versus Michael Chaput in Ice Dragons zone.
1:52 of 2nd period - Kevin Connauton is hit by Erik Cole and loses puck.
2:35 of 2nd period - Slapshot by Dmitri Orlov.
2:35 of 2nd period - Deflect By Justin Shugg.
2:35 of 2nd period - Shot Blocked by Taylor Aronson.
2:35 of 2nd period - Puck is out of play.
2:36 of 2nd period - Michael Chaput wins face-off versus Michael Latta in Demolitions zone.
4:03 of 2nd period - Minor Penalty to Matt Corrente for Hooking.
4:04 of 2nd period - Michael Latta wins face-off versus Brian Boyle in Ice Dragons zone.
4:09 of 2nd period - Snap shot by Spencer Machacek.
4:09 of 2nd period - Goal by Spencer Machacek - Demolitions : 3 - Ice Dragons : 0.
4:10 of 2nd period - Spencer Machacek wins face-off versus Brian Boyle in neutral zone.
4:22 of 2nd period - Snap shot by Michael Latta.
4:22 of 2nd period - Stopped by Harru Sateri without a rebound.
4:23 of 2nd period - Michael Latta wins face-off versus Brian Boyle in Ice Dragons zone.
4:48 of 2nd period - Lane MacDermid is hit by William Carrier and loses puck.
4:55 of 2nd period - Snap shot by Jonathan Blum.
4:55 of 2nd period - Stopped by Harru Sateri without a rebound.
4:56 of 2nd period - Michael Latta wins face-off versus Michael Chaput in Ice Dragons zone.
5:21 of 2nd period - Lane MacDermid is hit by Logan MacMillan and loses puck.
5:27 of 2nd period - Icing by Lane MacDermid.
5:28 of 2nd period - Brian Boyle wins face-off versus Corban Knight in Demolitions zone.
5:35 of 2nd period - Snap shot by Logan MacMillan.
5:35 of 2nd period - Stopped by Connor Hellebyuk with a rebound.
5:53 of 2nd period - Alec Martinez is hit by Dennis Everberg and loses puck.
6:11 of 2nd period - Icing by Brian Boyle.
6:12 of 2nd period - Brian Boyle wins face-off versus Michael Latta in Ice Dragons zone.
6:12 of 2nd period - Brian Boyle is hit by Michael Latta.
6:38 of 2nd period - Wrist shot by Brian Boyle.
6:38 of 2nd period - Shot Blocked by Cameron Schilling.
6:58 of 2nd period - Slapshot by Logan MacMillan.
6:58 of 2nd period - Stopped by Connor Hellebyuk with a rebound.
7:00 of 2nd period - Slapshot by Alec Martinez.
7:00 of 2nd period - Deflect By Brian Boyle.
7:00 of 2nd period - Stopped by Connor Hellebyuk without a rebound.
7:01 of 2nd period - Michael Chaput wins face-off versus Corban Knight in Demolitions zone.
7:02 of 2nd period - Wrist shot by William Carrier.
7:02 of 2nd period - Shot Misses the Net.
7:35 of 2nd period - Derek Forbort is hit by Justin Shugg.
8:11 of 2nd period - Michael Chaput is hit by Michael Latta and loses puck.
8:24 of 2nd period - Jonathan Blum is hit by Sam Carrick and loses puck.
8:45 of 2nd period - Alec Martinez is hit by Cameron Schilling and loses puck.
9:30 of 2nd period - Justin Shugg is hit by Billy Sweat.
9:36 of 2nd period - Slapshot by Aaron Palushaj.
9:36 of 2nd period - Shot Blocked by Kevin Connauton.
9:38 of 2nd period - Wrist shot by Phil McRae.
9:38 of 2nd period - Shot Misses the Net.
9:40 of 2nd period - Snap shot by Cameron Schilling.
9:40 of 2nd period - Deflect By Aaron Palushaj.
9:40 of 2nd period - Shot Misses the Net.
9:40 of 2nd period - Puck is out of play.
9:41 of 2nd period - Brian Boyle wins face-off versus Michael Latta in Ice Dragons zone.
9:41 of 2nd period - Brian Boyle is hit by Erik Cole.
9:44 of 2nd period - Minor Penalty to Dmitri Orlov for Tripping.
9:45 of 2nd period - Michael Latta wins face-off versus Brian Boyle in Ice Dragons zone.
10:46 of 2nd period - Michael Latta is hit by Kevin Connauton and loses puck.
11:44 of 2nd period - Penalty to Dmitri Orlov is over, Dmitri Orlov is back on ice.
12:19 of 2nd period - Snap shot by William Carrier.
12:19 of 2nd period - Shot Misses the Net.
12:21 of 2nd period - Snap shot by William Carrier.
12:21 of 2nd period - Shot Misses the Net.
12:23 of 2nd period - Backhand shot by William Carrier.
12:23 of 2nd period - Stopped by Connor Hellebyuk with a rebound.
12:25 of 2nd period - Slapshot by Dmitri Orlov.
12:25 of 2nd period - Shot Blocked by Taylor Aronson.
12:27 of 2nd period - Slapshot by Thomas Gobeil.
12:27 of 2nd period - Shot Blocked by Taylor Aronson.
12:29 of 2nd period - Slapshot by Samuel Groulx.
12:29 of 2nd period - Shot Blocked by Brandon McMillan.
12:55 of 2nd period - Wrist shot by Aaron Palushaj.
12:55 of 2nd period - Deflect By Corban Knight.
12:55 of 2nd period - Stopped by Harru Sateri without a rebound.
12:56 of 2nd period - Sam Carrick wins face-off versus Lane MacDermid in Ice Dragons zone.
13:31 of 2nd period - Snap shot by Brian Boyle.
13:31 of 2nd period - Shot Misses the Net.
13:33 of 2nd period - Wrist shot by Logan MacMillan.
13:33 of 2nd period - Shot Blocked by Michael Latta.
13:46 of 2nd period - Slapshot by Dmitri Orlov.
13:46 of 2nd period - Stopped by Connor Hellebyuk with a rebound.
13:48 of 2nd period - Wrist shot by Michael Chaput.
13:48 of 2nd period - Stopped by Connor Hellebyuk without a rebound.
13:49 of 2nd period - Michael Latta wins face-off versus Michael Chaput in Demolitions zone.
13:54 of 2nd period - Slapshot by David Rundblad.
13:54 of 2nd period - Shot Blocked by Jonathan Blum.
14:14 of 2nd period - Logan MacMillan is hit by Jonathan Blum and loses puck.
14:37 of 2nd period - Wrist shot by Alec Martinez.
14:37 of 2nd period - Stopped by Connor Hellebyuk with a rebound.
14:39 of 2nd period - Slapshot by Alec Martinez.
14:39 of 2nd period - Shot Blocked by Derek Forbort.
14:41 of 2nd period - Slapshot by Alec Martinez.
14:41 of 2nd period - Deflect By William Carrier.
14:41 of 2nd period - Stopped by Connor Hellebyuk with a rebound.
16:04 of 2nd period - Icing by Jonathan Blum.
16:05 of 2nd period - Phil McRae wins face-off versus Brian Boyle in Demolitions zone.
16:26 of 2nd period - Slapshot by Logan MacMillan.
16:26 of 2nd period - Shot Blocked by Cameron Schilling.
16:28 of 2nd period - Slapshot by David Rundblad.
16:28 of 2nd period - Shot Misses the Net.
16:30 of 2nd period - Slapshot by Brandon Kozun.
16:30 of 2nd period - Goal by Brandon Kozun - Demolitions : 3 - Ice Dragons : 1.
16:31 of 2nd period - Brian Boyle wins face-off versus Michael Latta in neutral zone.
16:57 of 2nd period - Cameron Schilling is hit by Alec Martinez and loses puck.
17:01 of 2nd period - Jonathan Blum is hit by William Carrier and loses puck.
17:47 of 2nd period - Wrist shot by Brian Boyle.
17:47 of 2nd period - Shot Blocked by Cameron Schilling.
17:49 of 2nd period - Slapshot by Alec Martinez.
17:49 of 2nd period - Stopped by Connor Hellebyuk without a rebound.
17:50 of 2nd period - Corban Knight wins face-off versus William Carrier in Demolitions zone.
18:09 of 2nd period - Cameron Schilling is hit by William Carrier.
18:21 of 2nd period - Snap shot by Brandon Kozun.
18:21 of 2nd period - Shot Blocked by Erik Cole.
18:23 of 2nd period - Slapshot by Brian Boyle.
18:23 of 2nd period - Shot Misses the Net.
18:27 of 2nd period - Wrist shot by Brandon Kozun.
18:27 of 2nd period - Shot Misses the Net.
18:29 of 2nd period - Slapshot by Logan MacMillan.
18:29 of 2nd period - Shot Misses the Net.
Goals for this period are 1 for Demolitions vs 1 for Ice Dragons.
Shots for this period are 5 for Demolitions vs 12 for Ice Dragons.
3rd period
0:01 of 3rd period - Michael Latta wins face-off versus Brian Boyle in neutral zone.
0:06 of 3rd period - Wrist shot by Michael Latta.
0:06 of 3rd period - Shot Misses the Net.
0:08 of 3rd period - Snap shot by Spencer Machacek.
0:08 of 3rd period - Stopped by Harru Sateri without a rebound.
0:09 of 3rd period - Michael Latta wins face-off versus Brian Boyle in Ice Dragons zone.
0:58 of 3rd period - Snap shot by Spencer Machacek.
0:58 of 3rd period - Stopped by Harru Sateri with a rebound.
1:00 of 3rd period - Slapshot by Spencer Machacek.
1:00 of 3rd period - Deflect By Brandon Kozun.
1:00 of 3rd period - Stopped by Harru Sateri without a rebound.
1:01 of 3rd period - Chris Wagner wins face-off versus Corban Knight in Ice Dragons zone.
1:15 of 3rd period - Wrist shot by Corban Knight.
1:15 of 3rd period - Shot Blocked by David Rundblad.
1:17 of 3rd period - Wrist shot by Robert Bortuzzo.
1:17 of 3rd period - Stopped by Harru Sateri with a rebound.
1:40 of 3rd period - Wrist shot by William Carrier.
1:40 of 3rd period - Shot Blocked by Andrej Nestrasil.
2:14 of 3rd period - Logan MacMillan is hit by Cameron Schilling.
2:41 of 3rd period - Taylor Aronson is hit by Alec Martinez and loses puck.
3:02 of 3rd period - Kevin Connauton is hit by Taylor Aronson and loses puck.
3:37 of 3rd period - Slapshot by Robert Bortuzzo.
3:37 of 3rd period - Goal by Robert Bortuzzo - Demolitions : 4 - Ice Dragons : 1.
3:38 of 3rd period - Brian Boyle wins face-off versus Michael Latta in neutral zone.
3:45 of 3rd period - Slapshot by Brandon Kozun.
3:45 of 3rd period - Shot Blocked by Erik Cole.
4:48 of 3rd period - Wrist shot by Brian Boyle.
4:48 of 3rd period - Shot Misses the Net.
6:04 of 3rd period - Icing by Brandon Kozun.
6:05 of 3rd period - Dennis Everberg wins face-off versus Michael Chaput in Ice Dragons zone.
7:02 of 3rd period - Snap shot by Brandon McMillan.
7:02 of 3rd period - Stopped by Harru Sateri without a rebound.
7:03 of 3rd period - Michael Chaput wins face-off versus Michael Latta in Ice Dragons zone.
7:07 of 3rd period - Icing by William Carrier.
7:08 of 3rd period - Michael Chaput wins face-off versus Michael Latta in Ice Dragons zone.
7:19 of 3rd period - Backhand shot by Michael Latta.
7:19 of 3rd period - Shot Misses the Net.
7:21 of 3rd period - Slapshot by Spencer Machacek.
7:21 of 3rd period - Shot Misses the Net.
8:01 of 3rd period - Wrist shot by Billy Sweat.
8:01 of 3rd period - Shot Misses the Net.
8:03 of 3rd period - Wrist shot by Billy Sweat.
8:03 of 3rd period - Goal by Billy Sweat - Demolitions : 5 - Ice Dragons : 1.
8:04 of 3rd period - Brian Boyle wins face-off versus Michael Latta in neutral zone.
8:49 of 3rd period - Off-side.
8:50 of 3rd period - Sam Carrick wins face-off versus Phil McRae in neutral zone.
8:57 of 3rd period - Wrist shot by Michael Ferland.
8:57 of 3rd period - Shot Misses the Net.
8:59 of 3rd period - Slapshot by Sam Carrick.
8:59 of 3rd period - Deflect By Justin Shugg.
8:59 of 3rd period - Goal by Justin Shugg - Demolitions : 5 - Ice Dragons : 2.
9:00 of 3rd period - Brian Boyle wins face-off versus Michael Latta in neutral zone.
9:16 of 3rd period - Snap shot by Brandon Kozun.
9:16 of 3rd period - Shot Blocked by Jonathan Blum.
9:38 of 3rd period - Off-side.
9:39 of 3rd period - Sam Carrick wins face-off versus Michael Latta in neutral zone.
9:42 of 3rd period - Slapshot by Alec Martinez.
9:42 of 3rd period - Shot Misses the Net.
9:44 of 3rd period - Snap shot by Sam Carrick.
9:44 of 3rd period - Shot Blocked by Spencer Machacek.
9:46 of 3rd period - Wrist shot by Michael Ferland.
9:46 of 3rd period - Shot Misses the Net.
9:47 of 3rd period - Alec Martinez beats up Spencer Machacek.
9:47 of 3rd period - Penalty to Alec Martinez for Fighting.
9:47 of 3rd period - Penalty to Spencer Machacek for Fighting.
9:47 of 3rd period - Penalty to Alec Martinez for instigated a fight.
9:47 of 3rd period - Penalty to Alec Martinez for instigated a fight.
9:48 of 3rd period - Michael Latta wins face-off versus Brian Boyle in Demolitions zone.
9:50 of 3rd period - Minor Penalty to Alex Hutchings for High sticking.
9:51 of 3rd period - Erik Cole wins face-off versus Michael Chaput in Demolitions zone.
10:38 of 3rd period - Sam Carrick is hit by Seth Helgeson and loses puck.
10:45 of 3rd period - Slapshot by Corban Knight.
10:45 of 3rd period - Deflect By Lane MacDermid.
10:45 of 3rd period - Shot Misses the Net.
10:45 of 3rd period - Puck is out of play.
10:46 of 3rd period - Erik Cole wins face-off versus Sam Carrick in Ice Dragons zone.
11:17 of 3rd period - Snap shot by Dmitri Orlov.
11:17 of 3rd period - Shot Blocked by Jonathan Blum.
11:21 of 3rd period - Slapshot by Matt Corrente.
11:21 of 3rd period - Stopped by Connor Hellebyuk without a rebound.
11:22 of 3rd period - Erik Cole wins face-off versus Michael Ferland in Demolitions zone.
11:47 of 3rd period - Penalty to Alec Martinez is over, Michael Ferland is send on ice.
11:50 of 3rd period - Penalty to Alex Hutchings is over, Alex Hutchings is back on ice.
12:23 of 3rd period - Wrist shot by Aaron Palushaj.
12:23 of 3rd period - Stopped by Harru Sateri without a rebound.
12:24 of 3rd period - Brian Boyle wins face-off versus Michael Latta in Ice Dragons zone.
12:42 of 3rd period - Icing by Samuel Groulx.
12:43 of 3rd period - Emil Pettersson wins face-off versus Corban Knight in Ice Dragons zone.
12:52 of 3rd period - Snap shot by William Carrier.
12:52 of 3rd period - Shot Blocked by Robert Bortuzzo.
12:54 of 3rd period - Slapshot by Alex Plante.
12:54 of 3rd period - Stopped by Connor Hellebyuk with a rebound.
12:56 of 3rd period - Slapshot by Samuel Groulx.
12:56 of 3rd period - Deflect By William Carrier.
12:56 of 3rd period - Shot Misses the Net.
12:56 of 3rd period - Puck is out of play.
12:57 of 3rd period - Michael Latta wins face-off versus Brian Boyle in Demolitions zone.
13:22 of 3rd period - Matt Corrente is hit by Jonathan Blum and loses puck.
14:06 of 3rd period - Backhand shot by Corban Knight.
14:06 of 3rd period - Deflect By Dennis Everberg.
14:06 of 3rd period - Shot Blocked by Michael Chaput.
14:06 of 3rd period - Puck is out of play.
14:07 of 3rd period - Michael Chaput wins face-off versus Michael Latta in Ice Dragons zone.
14:33 of 3rd period - Michael Ferland is hit by Aaron Palushaj and loses puck.
14:41 of 3rd period - Minor Penalty to Sam Carrick for Roughing.
14:42 of 3rd period - Michael Latta wins face-off versus Brian Boyle in Ice Dragons zone.
14:47 of 3rd period - Penalty to Alec Martinez is over, Emil Pettersson is send on ice.
15:10 of 3rd period - Slapshot by Jonathan Blum.
15:10 of 3rd period - Deflect By Lane MacDermid.
15:10 of 3rd period - Shot Misses the Net.
15:10 of 3rd period - Puck is out of play.
15:11 of 3rd period - Corban Knight wins face-off versus Brian Boyle in Ice Dragons zone.
15:37 of 3rd period - Michael Chaput is hit by Erik Cole and loses puck.
15:56 of 3rd period - Michael Ferland is hit by Michael Latta.
16:27 of 3rd period - Brian Boyle is hit by Erik Cole and loses puck.
16:38 of 3rd period - Spencer Machacek is hit by Emil Pettersson and loses puck.
16:41 of 3rd period - Penalty to Sam Carrick is over, Sam Carrick is back on ice.
16:48 of 3rd period - Icing by Spencer Machacek.
16:49 of 3rd period - Michael Chaput wins face-off versus Michael Latta in Demolitions zone.
16:56 of 3rd period - Wrist shot by Michael Chaput.
16:56 of 3rd period - Shot Blocked by Cameron Schilling.
17:53 of 3rd period - Cameron Schilling is hit by Logan MacMillan and loses puck.
18:54 of 3rd period - Minor Penalty to Derek Forbort for Tripping.
18:55 of 3rd period - Logan MacMillan wins face-off versus Erik Cole in Demolitions zone.
18:55 of 3rd period - Slapshot by Matt Corrente.
18:55 of 3rd period - Stopped by Connor Hellebyuk without a rebound.
18:56 of 3rd period - Erik Cole wins face-off versus Brian Boyle in Demolitions zone.
18:56 of 3rd period - Erik Cole is hit by Brandon Kozun.
19:02 of 3rd period - Cameron Schilling is hit by Brian Boyle and loses puck.
19:59 of 3rd period - Brandon Kozun is hit by Corban Knight and loses puck.
Goals for this period are 2 for Demolitions vs 1 for Ice Dragons.
Shots for this period are 8 for Demolitions vs 4 for Ice Dragons.
Back to the Top